 Dungeon Crawl Stone Soup version 0.26.0-16-gc1dbca0489 (webtiles) character file.

Game seed: 10877533177915325872

749 vvl the Poker (level 7, -3/53 HPs)
             Began as a Merfolk Gladiator on Jan 18, 2021.
             Killed by divine providence
             ... invoked by an orc priest
              (11 damage)
             ... on level 4 of the Dungeon.
             The game lasted 00:17:57 (7490 turns).

vvl the Poker (Merfolk Gladiator)                   Turns: 7490, Time: 00:17:58

Health: -3/53      AC:  5    Str: 18 (20) XL:     7   Next: 77%
Magic:  18/18      EV: 14    Int:  7 (10) God:
Gold:   47         SH:  4    Dex: 14 (15) Spells: 6/6 levels left

rFire    . . .     SeeInvis +   a - +0 trident
rCold    . . .     Faith    .   q - +0 buckler
rNeg     . . .     Spirit   .   b - +0 leather armour
rPois    .         Reflect  .   p - +2 hat {SInv}
rElec    .         Harm     .   (no cloak)
rCorr    .         Rampage  .   (no gloves)
Will     .....                  (no boots)
Stlth    +.........             (no amulet)
HPRegen  0.17/turn              h - ring of magical power
MPRegen  0.16/turn              j - +6 ring of strength

@: slowed, very slow
A: change form in water, swift swim, stealthy swim
a: no special abilities


You were on level 4 of the Dungeon.
You visited 1 branch of the dungeon, and saw 5 of its levels.
You also visited: Sewer.

You collected 325 gold pieces.
You spent 278 gold pieces at shops.

Inventory:

Hand Weapons
 a - a +0 trident (weapon)
Missiles
 d - 3 throwing nets (quivered)
 s - 24 bolts
Armour
 b - a +0 leather armour (worn)
 p - a +2 hat of see invisible (worn)
 q - a +0 buckler (worn)
 t - a +2 helmet
 x - a +0 ring mail
Magical Staves
 c - an uncursed staff of fire
Jewellery
 e - an uncursed ring of protection from cold
 h - a ring of magical power (left hand)
 j - a +6 ring of strength (right hand)
 u - a cursed ring of teleportation {unknown}
 B - an uncursed ring of wizardry {unknown}
 C - a +6 ring of dexterity {unknown}
Wands
 r - a wand of random effects (18)
 E - a wand of iceblast (8)
 F - a wand of enslavement (8)
Scrolls
 f - 2 scrolls of immolation
 g - 4 scrolls of identify
 i - a scroll of fog {unknown}
 k - a scroll of magic mapping {unknown}
 l - a scroll of blinking {unknown}
 m - 4 scrolls of teleportation
 w - a scroll of holy word
 y - a scroll of remove curse {unknown}
 z - a scroll of fear
 A - 3 scrolls of enchant weapon
Potions
 n - 4 potions of flight
 o - a potion of might
 v - a potion of resistance


   Skills:
 + Level 3.8 Fighting
 * Level 7.8 Polearms
 - Level 2.0 Throwing
 + Level 5.5 Dodging
 + Level 1.8 Shields
 + Level 2.7 Summonings
 + Level 2.9 Invocations
 + Level 2.6 Evocations


You had 6 spell levels left.
You didn't know any spells.
Your spell library was empty.

Dungeon Overview and Level Annotations

Branches:
Dungeon (5/15)              Sewer (visited)
 Temple: D:4-7

Altars:

Shops:
D:5 ?


Message History

Beogh smites you!
The orc throws a boomerang.
The boomerang hits you but does no damage.
The weapon returns to the orc!
The orc priest calls down the wrath of Beogh upon you.
Beogh smites you! The orc wizard casts a spell at you.
You feel yourself slow down.
The orc throws a boomerang.
The boomerang misses you.
The weapon returns to the orc!
You climb upwards.
There is a stone staircase leading down here.
You closely miss the orc priest.
The orc priest is severely wounded.
The orc priest calls down the wrath of Beogh upon you.
Beogh smites you!
* * * LOW HITPOINT WARNING * * *
You closely miss the orc priest.
The orc priest is severely wounded.
The orc priest invokes the aid of Beogh against you.
Beogh smites you!
You die...

####...............###.#.
##.....##...........<#.###
#####......##...........##<...
##..###.....#...............###
#....#.#.....................>.
#.........##....##............#
##........###...###.......#....
##......## #o)..###......##...
#...##### ##@..# #...........
###....## ####..####........#.
#.......# #.......#.......###.
##....### #..............## ##
###### #..............#
##...........### ##.........##
#..........## ##....#.....##


You could see an orc priest.

Vanquished Creatures
  A sky beast (D:3)
  A centaur (D:5)
  A howler monkey (D:4)
  A bullfrog skeleton (D:4)
  3 orc wizards
  3 worker ants
  Robin (D:2)
  3 gnolls (D:5)
  10 adders
  2 white imps
  8 oozes
  6 worms
  2 dart slugs (D:1)
  A leopard gecko (D:3)
  16 orcs
  7 ball pythons
  18 bats
  5 giant cockroaches
  16 goblins
  21 hobgoblins
  8 jackals
  6 kobolds
  8 frilled lizards
  A jackal skeleton (D:5)
  4 rats
153 creatures vanquished.

Notes
Turn   | Place    | Note
-------+----------+-------------------------------------------
     0 | D:1      | vvl the Merfolk Gladiator began the quest for the Orb.
     0 | D:1      | Reached XP level 1. HP: 16/16 MP: 1/1
    70 | D:1      | Reached XP level 2. HP: 22/22 MP: 2/2
   392 | D:1      | Reached skill level 5 in Polearms
   515 | D:1      | Reached XP level 3. HP: 22/28 MP: 3/3
  1248 | D:2      | Reached skill level 1 in Invocations
  1361 | D:2      | Reached skill level 1 in Summonings
  1479 | D:2      | Reached XP level 4. HP: 33/34 MP: 4/4
  1657 | D:2      | Noticed Robin
  1687 | D:2      | Reached skill level 1 in Evocations
  1996 | D:3      | Found a glowing drain.
  2022 | D:3      | Reached XP level 5. HP: 26/40 MP: 6/6
  2148 | Sewer    | Entered a sewer
  2467 | Sewer    | Reached skill level 6 in Polearms
  3200 | D:2      | Killed Robin
  3201 | D:2      | Reached XP level 6. HP: 45/47 MP: 7/7
  3883 | D:3      | Noticed a sky beast
  3909 | D:3      | Killed a sky beast
  3910 | D:3      | Reached skill level 5 in Dodging
  4916 | D:4      | Reached skill level 7 in Polearms
  4916 | D:4      | Reached skill level 1 in Shields
  4925 | D:4      | Reached XP level 7. HP: 32/52 MP: 8/8
  6352 | D:5      | Entered Level 5 of the Dungeon
  6578 | D:5      | HP: 2/53 [ball python (2)]
  7157 | D:5      | Found Biythabu's Magic Scroll Boutique.
  7160 | D:5      | Bought a scroll of holy word for 97 gold pieces
  7160 | D:5      | Bought a scroll of enchant weapon for 97 gold pieces
  7160 | D:5      | Bought a scroll of teleportation for 39 gold pieces
  7160 | D:5      | Bought a scroll of fear for 45 gold pieces
  7490 | D:4      | Killed from afar by an orc priest

Illustrated notes

Levels and vault maps discovered:
D:1:      scummos_arrival_forest, layout_loops_corners
D:2:      cheibrodos_greedy_goblins, layout_basic, uniq_robin
D:3:      layout_loops_cross, gup_sewer_entry_glass, minivault_26,
          minmay_misc_feat_ornament, hangedman_abyss_or_decor_lesser_grid,
          minmay_circle_x
D:4:      layout_cave_pools
D:5:      layout_rooms, serial_shops, kennysheep_mini_moat

Skill      XL: |  1  2  3  4  5  6 |
---------------+-------------------+-----
Polearms       | 5 6 7 |  7.8
Invocations    | 1 2 |  2.9
Summonings     | 1 2 |  2.7
Evocations     | 1 2 |  2.6
Fighting       | 3 |  3.8
Dodging        | 5 |  5.5
Shields        | 1 |  1.8
Throwing       | |  2.0

Action                   |  1- 3 |  4- 6 |  7- 9 || total
-------------------------+-------+-------+-------++-------
Melee: Trident           |   115 |   352 |   156 ||   623
  Use: Scroll            |       |     4 |       ||     4
       Potion            |       |       |     6 ||     6
 Stab: Sleeping          |     1 |     2 |     2 ||     5
Armor: Leather armour    |    19 |    66 |    22 ||   107
       Skin              |       |       |     7 ||     7
Dodge: Dodged            |    74 |   230 |    96 ||   400
Block: Buckler           |       |    21 |    32 ||    53
